 Dungeon Crawl Stone Soup version 0.27-a0-931-g5a74e75d8f (webtiles) character file.

Game seed: 17323549942190018921

296 Alarkh the Insei (level 6, 40/48 HPs)
             Began as a Demonspawn Gladiator on Apr 10, 2021.
             Got out of the dungeon alive.
             The game lasted 00:03:18 (2472 turns).

Alarkh the Insei (Demonspawn Gladiator)             Turns: 2472, Time: 00:03:19

Health: 40/48      AC:  5    Str: 23    XL:     6   Next: 12%
Magic:  6/6        EV: 12    Int: 10    God:
Gold:   147        SH:  0    Dex: 16    Spells: 5/5 levels left

rFire    + . .     SeeInvis .     - Unarmed
rCold    . . .     Faith    .   (no shield)
rNeg     . . .     Spirit   .   m - +1 leather armour of Liberty {rF+ Str+7 Int-4}
rPois    .         Reflect  .   e - +2 helmet
rElec    .         Harm     .   (no cloak)
rCorr    .         Rampage  .   (no gloves)
Will     .....                  (no boots)
Stlth    +.........             (no amulet)
HPRegen  0.16/turn              (no ring)
MPRegen  0.10/turn              (no ring)

@: no status effects
A: spiny 1, big brain 1, agile 1, deformed body, strong 1
a: no special abilities


You escaped.
You visited 1 branch of the dungeon, and saw 4 of its levels.

You collected 147 gold pieces.

Inventory:

Missiles
 c - 3 throwing nets (quivered)
 h - 34 poisoned darts
Armour
 a - a +0 leather armour
 b - a +0 helmet
 e - a +2 helmet (worn)
 m - the +1 leather armour of Liberty (worn) {rF+ Str+7 Int-4}
   (You found it on level 4 of the Dungeon)

   It affects your strength (+7).
   It affects your intelligence (-4).
   It protects you from fire.
Wands
 i - a wand of paralysis (7)
 k - a wand of iceblast (4)
Scrolls
 d - a scroll of amnesia
 g - 2 scrolls of teleportation
 j - a scroll of noise {unknown}
 l - 3 scrolls of vulnerability
 n - a scroll of magic mapping
 r - a scroll of identify
Potions
 f - a potion of might


   Skills:
 + Level 4.0 Fighting
 - Level 1.7 Throwing
 - Level 2.6 Dodging
 * Level 5.4 Unarmed Combat


You had 5 spell levels left.
You didn't know any spells.
Your spell library was empty.

Dungeon Overview and Level Annotations

Branches:
Dungeon (4/15)             Temple (0/1) D:4

Altars:
Ru

Shops:
D:1 [   D:4 !


Innate Abilities, Weirdness & Mutations

You are partially covered in sharp spines.
You have an unusually large brain. (Int +2)
You are agile. (Dex +2)
Armour fits poorly on your strangely shaped body.
Your muscles are strong. (Str +2)


Message History

You are too injured to fight recklessly!
You are too injured to fight recklessly!
The orc shouts!
A dart slug comes into view.
You start resting.
An orc is nearby!
The orc hits you with a +0 whip.
* * * LOW HITPOINT WARNING * * *
You closely miss the orc. The orc hits you with a +0 whip.
* * * LOW HITPOINT WARNING * * *
You barely miss the orc. The orc is struck by your spines.
You kill the orc!
Things that are here:
a +0 whip; an orc corpse
(D) Dungeon (T) Temple
Where to? (Enter - D:1, ? - help)
You are no longer corroded.
You enter the shallow water.
Moving in this stuff is going to be slow.
There is a stone staircase leading up here.
You climb upwards.
There is a stone staircase leading down here.
The hobgoblin shouts!
There is a stone staircase leading up here.
A hobgoblin is nearby!
You climb upwards.
There is a stone staircase leading down here.
(D) Dungeon (T) Temple
Where to? (Enter - D:1, ? - help)
You see here 24 arrows.
There is a stone staircase leading up here.
You climb upwards.
There is a stone staircase leading down here.
Unknown command.
There is an open door here.
There is an open door here.
HP restored.
There is a staircase leading out of the dungeon here.
Are you sure you want to leave the Dungeon?
This will make you lose the game!
You have escaped!

# #)......##....#.# #. #
#.###########...# ## #
#.#.........#.### #
#.#.8.#####...# #
#.#...#≈≈≈#.#.# #
#.#.#.#≈≈≈#.#.# #
#.#.#.#≈≈≈#.#.# ###########
#.#.#.#####.#.# ..........#
##.#@#.......#.#
#########.#
#..#.#.#####.#.#
#.###..#.#.#;≈≈#.#.#
#......#.#.#≈≈≈#.#.#
#####..##...#≈≈≈#.#.#
#######.......#.8.#####...#
#..∩....#####.#.........###
#.....†.......###########
#.......#######


There were no monsters in sight!

Vanquished Creatures
  2 ogres
  A jelly (D:4)
  4 adders
  2 dart slugs (D:3)
  6 orcs
  5 ball pythons
  4 bats
  4 endoplasms
  2 giant cockroaches
  3 goblins
  4 hobgoblins
  2 jackals (D:4)
  4 quokkas
  3 frilled lizards (D:1)
  4 kobolds
  6 rats
56 creatures vanquished.

Notes
Turn   | Place    | Note
-------+----------+-------------------------------------------
     0 | D:1      | Alarkh the Demonspawn Gladiator began the quest for the
                  | Orb.
     0 | D:1      | Reached XP level 1. HP: 16/16 MP: 1/1
     3 | D:1      | Noticed an electric eel
     4 | D:1      | Noticed an electric eel
   162 | D:1      | You fall into a shaft and drop 1 floor!
   177 | D:1      | Reached skill level 3 in Unarmed Combat
   206 | D:1      | Gained mutation: You are partially covered in sharp spines.
                  | [demonic ancestry]
   206 | D:1      | Reached XP level 2. HP: 22/22 MP: 2/2
   400 | D:1      | Found Abboy's Antique Armour Shop.
   851 | D:2      | Found a faded altar of an unknown god.
  1057 | D:2      | Found a sacrificial altar of Ru.
  1204 | D:3      | Noticed an ogre
  1207 | D:3      | Gained mutation: Armour fits poorly on your strangely
                  | shaped body. [potion of mutation]
  1207 | D:3      | Gained mutation: Your muscles are strong. (Str +2) [potion
                  | of mutation]
  1207 | D:3      | Gained mutation: You are agile. (Dex +2) [potion of
                  | mutation]
  1217 | D:3      | Killed an ogre
  1218 | D:3      | Reached skill level 4 in Unarmed Combat
  1218 | D:3      | Reached XP level 3. HP: 29/29 MP: 3/3
  1218 | D:3      | Reached XP level 4. HP: 35/35 MP: 4/4
  1534 | D:3      | Reached XP level 5. HP: 41/41 MP: 5/5
  1827 | D:4      | Found Tunwam's Distillery.
  2013 | D:4      | Identified the +1 leather armour of Liberty {rF+ Str+7
                  | Int-4}
  2074 | D:4      | Noticed an ogre
  2091 | D:4      | Killed an ogre
  2092 | D:4      | Reached skill level 5 in Unarmed Combat
  2218 | D:4      | Found a staircase to the Ecumenical Temple.
  2267 | D:4      | Gained mutation: You have an unusually large brain. (Int
                  | +2) [demonic ancestry]
  2267 | D:4      | Reached XP level 6. HP: 14/48 MP: 6/6
  2472 | D:$      | Got out of the dungeon alive.

Illustrated notes

Levels and vault maps discovered:
D:1:      arrival_aquarium_b, layout_basic, serial_shops, shop
D:2:      layout_rooms, ebering_ecumenical_altar_webs, basic_altar
D:3:      layout_basic, grunt_decor_mini_mirrors
D:4:      layout_basic, minmay_temple_entry_waves, serial_shops, shop,
          serial_bayou_ford_a, abandoned_shop

Skill      XL: |  1  2  3  4  5 |
---------------+----------------+-----
Unarmed Combat | 3 4 5 |  5.4
Fighting       | 3 4 |  4.0
Throwing       | |  1.7
Dodging        | |  2.6

Action                   |  1- 3 |  4- 6 || total
-------------------------+-------+-------++-------
Melee: Unarmed           |    52 |    78 ||   130
       Punch             |     2 |     2 ||     4
Throw: Throwing net      |     1 |     1 ||     2
  Use: Potion            |     2 |       ||     2
       Scroll            |     1 |     4 ||     5
 Stab: Sleeping          |     2 |       ||     2
       Held in net/web   |     2 |       ||     2
Armor: Leather armour    |    15 |    11 ||    26
Dodge: Dodged            |    20 |    30 ||    50

Table legend: (Time is in decaauts)
 A = Elapsed time spent in this place.
 B = Non-inter-level travel time spent in this place.
 C = Inter-level travel time spent in this place.
 D = Time resting spent in this place.
 E = Time spent auto-exploring this place.
 F = Levels seen in this place.
 G = Mean time per level.
                   A        B        C        D        E       F      G
               +--------+--------+--------+--------+--------+-----+--------+
         Total |   2448 |   2165 |    283 |    115 |   1714 |   4 |  612.0 |
       Dungeon |   2448 |   2165 |    283 |    115 |   1714 |   4 |  612.0 |
               +--------+--------+--------+--------+--------+-----+--------+

Top non-repeatable levels by time:
     D:1: 855 daAuts
     D:3: 610 daAuts
     D:4: 561 daAuts
     D:2: 421 daAuts
